 Dungeon Crawl Stone Soup version 0.32-a0-732-ga344392067 (webtiles) character file.

Game seed: 7483827479850622281

11019 runemasterragnar the Covert (level 11, 0/78 HPs)
             Began as an Octopode Shapeshifter on Mar 16, 2024.
             Was an Initiate of Gozag.
             Shot with a bolt by a tengu warrior (15 damage)
             ... on level 13 of the Dungeon.
             The game lasted 00:20:07 (12010 turns).

runemasterragnar the Covert (OpSh)                 Turns: 12010, Time: 00:20:08

Health: 0/78       AC:  5    Str: 16    XL:     11   Next: 71%
Magic:  11/11      EV: 15    Int: 15    God:    Gozag
Gold:   1388       SH:  0    Dex: 11    Spells: 9/10 levels left

rFire   + . .        y - +1 flail (protect)
rCold   + . .        (no shield)
rNeg    . . .        (helmet currently unavailable)
rPois   .            e - amulet of the acrobat
rElec   .            E - +4 ring of protection
rCorr   .            g - ring of protection from fire
SInv    .            J - ring of protection from cold
Will    .....        (no ring)
Stlth   ++++++       (no ring)
HPRegen 0.33/turn    (no ring)
MPRegen 0.12/turn    (no ring)
                     (no ring)

%: acrobat
@: beast-form
A: beast (slay +4), almost no armour, amphibious, 8 rings, camouflage 1,
gelatinous body 1, (nimble swimmer 1), tentacles
a: Begin Untransformation, Renounce Religion, Potion Petition, Call Merchant,
Bribe Branch


You were on level 13 of the Dungeon.
You worshipped Gozag.
Gozag was most pleased with you.
You were a hulking beast.
You visited 2 branches of the dungeon, and saw 13 of its levels.
You also visited: Bailey.

You collected 1759 gold pieces.
You spent 263 gold pieces at shops.
You paid 108 gold pieces to Gozag.

Inventory:

Hand Weapons
 j - the +7 flail "Aqaink" {antimagic, Int+4}
   (You found it on level 2 of the Dungeon)

   Int+4:     It affects your intelligence (+4).
 n - a +1 dagger of venom
 v - the +3 dagger of the Enchanting Gods {spect, rC+ Will+}
   (You found it on level 4 of the Dungeon)

   rC+:       It protects you from cold.
   Will+:     It increases your willpower.
 y - a +1 flail of protection (weapon)
Missiles
 t - 9 poisoned darts
 D - 6 throwing nets
Armour
 Q - a +0 hat
Jewellery
 e - an amulet of the acrobat (around mantle)
 g - a ring of protection from fire (right tentacle)
 o - an amulet of guardian spirit
 A - an amulet of faith
 E - a +4 ring of protection (left tentacle)
 J - a ring of protection from cold (on tentacle)
Talismans
 b - a beast talisman (active)
 c - a flux talisman
 u - a talisman of death
Wands
 f - a wand of flame (37) (quivered)
 C - a wand of iceblast (6)
Scrolls
 d - 2 scrolls of blinking
 h - 4 scrolls of amnesia
 l - 6 scrolls of teleportation
 p - 2 scrolls of fog
 s - a scroll of poison
 B - a scroll of immolation
 F - 7 scrolls of enchant armour
 K - a scroll of silence
 L - a scroll of noise
 O - 3 scrolls of enchant weapon
 P - a scroll of brand weapon
Potions
 i - 5 potions of mutation
 k - 6 potions of haste
 m - 3 potions of brilliance
 q - 2 potions of resistance
 r - 2 potions of magic
 w - 3 potions of heal wounds
 z - a potion of attraction {unknown}
 G - 2 potions of degeneration
 H - 2 potions of enlightenment
 I - a potion of might {unknown}
 M - 2 potions of ambrosia {unknown}
 N - 2 potions of cancellation


   Skills:
 + Level 8.4 Fighting
 + Level 8.7 Dodging
 + Level 11.8 Stealth
 - Level 7.9 Unarmed Combat
 + Level 8.3 Shapeshifting


You had 9 spell levels left.
You knew the following spells:

 Your Spells              Type           Power      Damage    Failure   Level
a - Apportation           Tloc           0%         N/A       26%         1

Your spell library contained the following spells:

 Spells                   Type           Power      Damage    Failure   Level
 Kiss of Death            Conj/Necr      0%         2d5       26%         1
 Call Imp                 Summ           0%         N/A       38%         2
 Ensorcelled Hibernation  Hex/Ice        0%         N/A       38%         2
 Jinxbite                 Hex            0%         N/A       38%         2
 Sublimation of Blood     Necr           0%         N/A       38%         2
 Confusing Touch          Hex            0%         N/A       63%         3
 Frozen Ramparts          Ice            0%         1d1       63%         3
 Fugue of the Fallen      Necr           0%         N/A       63%         3
 Hailstorm                Conj/Ice       0%         3d5       63%         3
 Ozocubu's Armour         Ice            0%         N/A       63%         3
 Passwall                 Erth           0%         N/A       63%         3
 Summon Ice Beast         Ice/Summ       0%         N/A       63%         3
 Volatile Blastmotes      Fire/Tloc      0%         2d10      63%         3
 Anguish                  Hex/Necr       0%         N/A       95%         4
 Dispel Undead            Necr           0%         3d6       95%         4
 Olgreb's Toxic Radiance  Alch           0%         N/A       95%         4
 Alistair's Intoxication  Alch           0%         N/A       100%        5
 Metabolic Englaciation   Hex/Ice        0%         N/A       100%        5
 Bombard                  Conj/Erth      0%         9d1       100%        6
 Permafrost Eruption      Ice/Erth       0%         2x4d2     100%        6
 Sculpt Simulacrum        Ice/Alch       0%         N/A       100%        6
 Ozocubu's Refrigeration  Ice            0%         4d7       100%        7
 Summon Hydra             Summ           0%         N/A       100%        7
 Discord                  Hex            0%         N/A       100%        8


Dungeon Overview and Level Annotations

Branches:
Dungeon (11/15)            Temple (1/1) D:6            Lair (0/5) D:9
    Orc (0/2) D:10         Bailey (visited)

Altars:
Ashenzari
Cheibriados
Dithmenos
Elyvilon
Fedhas
Gozag
Hepliaklqana
Kikubaaqudgha
Makhleb
Nemelex Xobeh
Okawaru
Qazlal
Ru
Sif Muna
Trog
Uskayaw
Vehumet
Wu Jian
Xom
Yredelemnul
Zin
The Shining One

Shops:
D:7 (?(   D:8 *

Annotations:
D:3 3 runed translucent doors, IdlyInterested's ghost, amateur DsGl
D:7 3 runed translucent doors, dogverified's ghost, novice TrBe
D:8 2 transporters, hattop's ghost, novice CoBe


Innate Abilities, Weirdness & Mutations

You are a hulking beast.
Your limbs bulge with bestial killing power. (Slay +4)
You cannot wear most types of armour.
You are amphibious.
You can wear up to eight rings at the same time.
Your skin changes colour to match your surroundings (Stealth+).
Your rubbery body absorbs attacks. (AC +1, EV +1)
((You are camouflaged when in or above water. (Stealth+)))
You have tentacles for arms and can constrict up to eight enemies at once.


Message History

A centaur warrior comes into view. 2 centaurs come into view.
The centaur moves out of view.
The troll attacks as it pursues you! The troll bites you!
The troll closely misses you. x2
You hear a shout!
You hear a shout!
The troll shouts!
The centaur warrior wields a +0 shortbow.
The centaur warrior shoots an arrow.
The arrow hits you!!
You hear a shout!
The troll attacks as it pursues you! The troll closely misses you.
The troll claws you! The troll completely misses you.
As you read the scroll of teleportation, it crumbles to dust.
You feel strangely unstable.
Unknown command.
Your +1 flail of protection hums with potential!
y - a +1 flail of protection (weapon)
The troll closely misses you. The troll claws you. The troll claws you!
* * * LOW HITPOINT WARNING * * *
You hit the troll but do no damage.
Your weapon exudes an aura of protection.
Your squeeze misses the troll. The troll closely misses you.
The troll claws you.
* * * LOW HITPOINT WARNING * * *
The troll claws you but does no damage.
Unknown command.
You feel much better. The troll bites you but does no damage.
The troll claws you. The troll claws you but does no damage.
You closely miss the troll.
Your surroundings seem slightly different.
The centaur warrior shoots an arrow.
The arrow hits you!!
* * * LOW HITPOINT WARNING * * *
The tengu warrior unwields a +0 great mace.
The tengu warrior wields a +0 arbalest of electrocution.
You hear the crackle of electricity.
The tengu warrior shoots a bolt.
The bolt misses you.
The bolt hits the troll!
The centaur barely misses you. The centaur closely misses you.
The tengu warrior shoots a bolt.
The bolt hits you!
You die...
Your body crumbles into a pile of gold.

#....# .# ..
#....####
Q##.#
#....##....##
#.##...##.#. #
#.###..#.##..#
#^# ###....##
#$# #.#.##Q.#
#.# #..##.#..#
#.# ###..hc# .
#.# #..##.#..#
#T# #..#.##..#
##.#####T...#
..
#......#.##..#
## #cc##.#..#
###....# .
#.ยง##.#..#
#..# ## #


You could see a tengu warrior, a centaur warrior, a troll and 2 centaurs.

Vanquished Creatures
  Harold (D:9)
  A two-headed ogre (D:10)
  A manticore (D:13)
  Maggie (D:7)
  A kobold demonologist (D:9)
  2 trolls (D:10)
  Grinder (D:3)
  A hornet (D:8)
  4 dream sheep (D:7)
  A shadow (D:9)
  4 wyverns
  15 yaks
  A steam dragon (D:9)
  Edmund (D:5)
  6 water moccasins
  8 orc warriors
  A sky beast (D:7)
  3 black bears
  An ice beast (D:8)
  4 centaurs
  A phantom (D:5)
  A kobold brigand (D:10)
  4 bullfrogs
  A scorpion (D:4)
  11 wights
  2 howler monkeys
  4 jellies
  A gnoll bouda (D:7)
  6 hounds
  4 orc priests
  2 sleepcaps (D:6)
  4 iguanas
  4 orc wizards
  3 gnolls (D:4)
  10 adders
  3 shadow imps
  A white imp (D:5)
  2 dart slugs
  3 ribbon worms
  37 orcs
  7 endoplasms
  3 giant cockroaches
  8 goblins
  8 hobgoblins
  4 jackals (D:4)
  7 quokkas
  5 ball pythons
  9 bats
  2 frilled lizards
  9 kobolds
  4 rats
228 creatures vanquished.

Notes
Turn   | Place    | Note
-------+----------+-------------------------------------------
     0 | D:1      | runemasterragnar the Octopode Shapeshifter began the quest
                  | for the Orb.
     0 | D:1      | Reached XP level 1. HP: 13/13 MP: 1/1
   203 | D:1      | Reached XP level 2. HP: 18/18 MP: 2/2
   209 | D:1      | Reached skill level 1 in Stealth
   719 | D:2      | Identified the +7 flail "Aqaink" {antimagic, Int+4}
   749 | D:2      | Reached XP level 3. HP: 23/23 MP: 3/3
  1030 | D:2      | Reached skill level 2 in Stealth
  1060 | D:2      | Reached XP level 4. HP: 29/29 MP: 4/4
  1371 | D:3      | Found a runed translucent gate.
  1371 | D:3      | Found a runed translucent gate.
  1371 | D:3      | Found a runed translucent gate.
  1474 | D:3      | Reached XP level 5. HP: 9/34 MP: 5/5
  2013 | D:3      | Noticed Grinder
  2026 | D:3      | Killed Grinder
  2027 | D:3      | Reached skill level 3 in Stealth
  2027 | D:3      | Reached XP level 6. HP: 29/41 MP: 2/6
  2108 | D:3      | Noticed IdlyInterested's ghost (amateur DsGl)
  2222 | D:3      | Found a faded altar of an unknown god.
  2445 | D:3      | Identified the +1 robe "Duplutiu" {Harm rF- Int+3 Stlth+}
  2684 | D:4      | Identified the +3 dagger of the Enchanting Gods {spect, rC+
                  | Will+}
  2760 | D:4      | Reached skill level 4 in Stealth
  3036 | D:4      | Reached XP level 7. HP: 27/46 MP: 7/7
  3723 | D:5      | Entered Level 5 of the Dungeon
  3950 | D:5      | Found a blossoming altar of Fedhas.
  4023 | D:5      | Noticed Edmund
  4039 | D:5      | Killed Edmund
  4040 | D:5      | Reached skill level 5 in Stealth
  4479 | D:6      | Reached skill level 5 in Unarmed Combat
  4479 | D:6      | Reached XP level 8. HP: 37/54 MP: 8/8
  4719 | D:6      | Learned a level 1 spell: Apportation
  4986 | D:6      | Found a staircase to the Ecumenical Temple.
  4989 | D:6      | Found a shimmering altar of Xom.
  5025 | D:6      | Found a sacrificial altar of Ru.
  5042 | Temple   | Entered the Ecumenical Temple
  5057 | Temple   | Became a worshipper of Gozag Ym Sagoz the Greedy
  5155 | D:6      | Reached skill level 6 in Stealth
  5155 | D:6      | Reached skill level 5 in Shapeshifting
  5423 | D:6      | Reached skill level 5 in Dodging
  5876 | D:6      | Reached XP level 9. HP: 37/60 MP: 3/9
  5993 | D:7      | Reached skill level 5 in Fighting
  5993 | D:7      | Reached skill level 7 in Stealth
  6056 | D:7      | Noticed dogverified's ghost (novice TrBe)
  6069 | D:7      | Found a runed translucent gate.
  6072 | D:7      | Found a runed translucent gate.
  6073 | D:7      | Found a runed translucent gate.
  6324 | D:7      | Found Munogg's Weapon Emporium.
  6471 | D:7      | Reached skill level 8 in Stealth
  6643 | D:7      | Noticed Maggie
  6651 | D:7      | Killed Maggie
  6719 | D:7      | Reached XP level 10. HP: 68/68 MP: 3/10
  6756 | D:7      | Found Ream's Antique Weapon Shoppe.
  6771 | D:7      | Found Teeviaj's Magic Scroll Boutique.
  6774 | D:7      | Bought a scroll of identify for 22 gold pieces
  6774 | D:7      | Bought a scroll of identify for 22 gold pieces
  6774 | D:7      | Bought a scroll of identify for 22 gold pieces
  6778 | D:7      | Bought a scroll of blinking for 82 gold pieces
  6778 | D:7      | Bought a scroll of blinking for 82 gold pieces
  6778 | D:7      | Bought a scroll of teleportation for 33 gold pieces
  6960 | D:8      | Found a transporter.
  6965 | D:8      | Noticed hattop's ghost (novice CoBe)
  6995 | D:8      | Found a flagged portal.
  7019 | Bailey   | Entered a bailey
  7142 | Bailey   | Reached skill level 9 in Stealth
  7586 | D:8      | Found a transporter.
  7588 | D:8      | Noticed a moth of wrath
  7786 | D:8      | Found Zin's Purification Station.
  7792 | D:8      | Found a glowing silver altar of Zin.
  8199 | D:9      | Noticed a kobold demonologist
  8202 | D:9      | Killed a kobold demonologist
  8624 | D:9      | Noticed Harold
  8674 | D:9      | Found a staircase to the Lair.
  8705 | D:10     | Entered Level 10 of the Dungeon
  8754 | D:10     | Reached skill level 10 in Stealth
  8767 | D:10     | HP: 2/71 [yak (13)]
  9381 | D:10     | Noticed a two-headed ogre
  9409 | D:10     | Killed a two-headed ogre
  9410 | D:10     | Reached XP level 11. HP: 73/75 MP: 11/11
  9645 | D:10     | Found a staircase to the Orcish Mines.
 10477 | D:9      | Reached skill level 11 in Stealth
 11438 | D:9      | Killed Harold
 11980 | D:11     | You fall into a shaft and drop 2 floors!
 11981 | D:13     | Noticed a manticore
 11986 | D:13     | Killed a manticore
 11994 | D:13     | Noticed a tengu warrior
 11994 | D:13     | Noticed a tengu warrior
 11998 | D:13     | Noticed a centaur warrior
 12010 | D:13     | Shot with a bolt by a tengu warrior

Illustrated notes

Levels and vault maps discovered:
D:1:      mrwooster_arrival_statue_2, layout_loops_ring
D:2:      layout_basic, serial_bayou, serial_bayou_ford_a, serial_bayou_pond_b,
          serial_bayou_pond_a, serial_bayou_lake_a, nicolae_half_adder
D:3:      layout_loops_ring, gammafunk_ghost_icy,
          chequers_ecumenical_altar_simple, uniq_grinder
D:4:      minmay_bubble_buster, layout_cave_pods, nrook_loot_triangle
D:5:      layout_loops_ring, fedhas_altar_3, uniq_edmund
D:6:      layout_basic, mainiacjoe_overflow_tiny_flanked, dk_xom_monty_hall,
          temple_statues
D:7:      layout_gridville, serial_shops, shop, kennysheep_mini, shop,
          gammafunk_ghost_split, dreamdust_gnoll_shepherd, uniq_maggie
D:8:      layout_cave_pools, zin_purify, enter_bailey_4,
          gammafunk_ghost_berserking_beasts, palyth_stone_intersect
D:9:      layout_rooms, minmay_lair_entry_grove, uniq_harold
D:10:     layout_irregular_city, kennysheep_orc_monster_closet_entryway
D:11:     layout_loops_ring, portal_ice_cave_entry_imps, uniq_snorg
D:13:     layout_loops_ring, ximxim_vaults_locker_room, serial_shops, shop,
          nicolae_eternal_life, uniq_lodul
Temple:   eino_narrow_crystal_temple

Skill      XL: |  1  2  3  4  5  6  7  8  9 10 11 |
---------------+----------------------------------+-----
Stealth        | 1 2 3 4 5 6 8 10 11 | 11.8
Fighting       | 2 3 4 6 7 8 |  8.4
Dodging        | 3 4 5 6 7 8 |  8.7
Unarmed Combat | 4 5 6 7 |  7.9
Shapeshifting  | 4 5 6 7 8 |  8.3

Action                     |  1- 3 |  4- 6 |  7- 9 | 10-12 || total
---------------------------+-------+-------+-------+-------++-------
  Melee: Unarmed           |    52 |    37 |       |       ||    89
         Constrict         |    14 |    16 |    32 |    36 ||    98
         Tentacles         |    11 |    13 |    33 |    54 ||   111
         Punch             |       |     2 |       |       ||     2
         Flail             |       |    18 |    84 |   210 ||   312
         Dagger            |       |    20 |    45 |    23 ||    88
  Throw: Dart              |       |       |     5 |    46 ||    51
  Evoke: Wand              |       |       |     2 |    43 ||    45
    Use: Scroll            |     1 |     7 |     5 |    15 ||    28
         Potion            |       |     2 |     2 |     4 ||     8
   Stab: Sleeping          |     8 |     6 |    20 |    11 ||    45
         Distracted        |       |       |       |     2 ||     2
 Armour: Skin              |    15 |    33 |    78 |   183 ||   309
  Dodge: Dodged            |    25 |    32 |    76 |   237 ||   370

Table legend: (Time is in decaauts)
 A = Elapsed time spent in this place.
 B = Non-inter-level travel time spent in this place.
 C = Inter-level travel time spent in this place.
 D = Time resting spent in this place.
 E = Time spent auto-exploring this place.
 F = Levels seen in this place.
 G = Mean time per level.
                   A        B        C        D        E       F      G
               +--------+--------+--------+--------+--------+-----+--------+
         Total |  12125 |  11775 |    350 |   3050 |   6511 |  14 |  866.1 |
       Dungeon |  11546 |  11225 |    321 |   2991 |   6242 |  12 |  962.2 |
        Temple |     30 |      1 |     29 |      0 |      0 |   1 |   30.0 |
        Bailey |    547 |    547 |      0 |     59 |    269 |   1 |  547.0 |
               +--------+--------+--------+--------+--------+-----+--------+

Top non-repeatable levels by time:
     D:9: 1744 daAuts
    D:10: 1740 daAuts
     D:6: 1474 daAuts
     D:3: 1196 daAuts
     D:4: 1159 daAuts
     D:8: 1085 daAuts
     D:7: 959 daAuts
     D:5: 749 daAuts
     D:1: 713 daAuts
     D:2: 653 daAuts
  Bailey: 547 daAuts
    D:11: 40 daAuts
  Temple: 30 daAuts
    D:13: 29 daAuts
